[Event "Late-Titled-Tuesday-Blitz-January-30-2024"]
[Site "Chess.com"]
[Date "2024.01.30"]
[Round "10"]
[White "ElephantChessGenius"]
[Black "Bkmzzzzz"]
[Result "1-0"]
[WhiteElo "2252"]
[BlackElo "2309"]
[TimeControl "180+1"]
[EndTime "15:54:55 PST"]
[Termination "ElephantChessGenius won by resignation"]

1. e4 d6 2. Nf3 Nf6 3. Nc3 e5 4. d4 Nbd7 5. Bc4 Be7 6. Bxf7+ Kxf7 7. Ng5+ Kg8 8. Ne6 Qe8 9. Nxc7 Qg6 10. Nxa8 Qxg2 11. Rf1 exd4 12. Qxd4 Ne5 13. f3 Bh3 14. Qf2 Qxf1+ 15. Qxf1 Bxf1 16. Kxf1 Nxf3 17. Bf4 Nd4 18. Nc7 Nxc2 19. Rd1 Kf7 20. N7d5 Nh5 21. Bc1 a6 22.
Rd2 Na1 23. b3 Rc8 24. Bb2 Bg5 25. Rf2+ Ke6 26. Bxa1 Nf6 27. Bb2 b5 28. Nxf6 Bxf6 29.
Nd5 Bxb2 30. Rxb2 Ke5 31. Re2 Rc1+ 32. Kg2 g6 33. h3 h5 34. Kg3 g5 35. Kh2 Ra1 36. Ne7 Rc1 37. Nf5 d5 38. Ng3 h4 39.
Nh1 d4 40. Nf2 Rd1 41. Ng4+ Ke6 42. e5 d3 43. Rf2 Kd5 44. Ne3+ Kxe5 45. Nxd1 1-0

[Event "Late-Titled-Tuesday-Blitz-January-30-2024"]
[Site "Chess.com"]
[Date "2024.01.30"]
[Round "10"]
[White "masnyszachistaaa"]
[Black "TheMagician"]
[Result "1-0"]
[WhiteElo "2556"]
[BlackElo "2240"]
[TimeControl "180+1"]
[EndTime "15:54:56 PST"]
[Termination "masnyszachistaaa won by checkmate"]

1. c4 g6 2. Nc3 Bg7 3. d4 Nf6 4. e4 d6 5. Bd3 O-O 6. Nge2 e5 7.
d5 Nh5 8. O-O f5 9. exf5 gxf5 10. f3 Nd7 11. Be3 a5 12. Qd2 f4 13. Bf2 b6 14. Ne4 Nc5 15. Bc2 Nxe4 16. Bxe4 Nf6 17.
Bc2 Qe8 18. Nc3 Qh5 19. Rfe1 Kh8 20. Ne4 Nxe4 21. Bxe4 Bf6 22. g4 fxg3 23. hxg3 Bg5 24. Qc2 Qh3 25. Re2 Rg8 26. Be1 Rg7 27. Rg2 Be3+ 28.
Bf2 Rxg3 29. Bxe3 Rxf3 30. Bxf3 Qxf3 31. Qf2 Qxf2+ 32. Kxf2 Bf5 33. Rag1 Bd3 34. Bg5 Rf8+ 35. Ke3 Bg6 36. Rf2 Rc8 37. Bh6 Kg8 38. Rgf1 Bf5 39. Rxf5 c6 40. Rf8+ Rxf8 41. Rxf8# 1-0

[Event "Late-Titled-Tuesday-Blitz-January-30-2024"]
[Site "Chess.com"]
[Date "2024.01.30"]
[Round "10"]
[White "jmpion"]
[Black "SuanFernandes"]
[Result "1-0"]
[WhiteElo "2521"]
[BlackElo "2336"]
[TimeControl "180+1"]
[EndTime "15:54:56 PST"]
[Termination "jmpion won by checkmate"]

1. e4 c6 2. d4 d5 3. Nc3 dxe4 4. Nxe4 Nf6 5. Nxf6+ exf6 6. c3 Bd6 7. Bd3 O-O 8. Qc2 Re8+ 9. Ne2 h5 10. O-O h4 11.
h3 Nd7 12. Nf4 Nf8 13. Nh5 g6 14. Nf4 Kg7 15. Be3 Be6 16. Rad1 b5 17. a4 a6 18. Nxe6+ Nxe6 19. axb5 axb5 20. d5 Nc5 21. Bxc5 Bxc5 22. dxc6 Qb6 23. Be4 Rac8 24. Rd7 Rc7 25. Bxg6 Rxd7 26. cxd7 Rd8 27. Bf5 Ra8 28. b4 Bd6 29. Qe4 Rh8 30. Qg4+ Kf8 31. Re1 Be5 32. Ra1 Ke7 33. Qe4 Qc7 34. f4 Qxc3 35. Rd1 Qb3 36. Re1 Rd8 37. fxe5 Qc4 38. exf6+ Kf8 39. Qe7+ Kg8 40.
Qxd8# 1-0

[Event "Late-Titled-Tuesday-Blitz-January-30-2024"]
[Site "Chess.com"]
[Date "2024.01.30"]
[Round "10"]
[White "Vasily85"]
[Black "DefiantChair"]
[Result "1-0"]
[WhiteElo "2520"]
[BlackElo "2604"]
[TimeControl "180+1"]
[EndTime "15:54:57 PST"]
[Termination "Vasily85 won by resignation"]

1. Nf3 d5 2. d4 Nf6 3. c4 e6 4.
g3 dxc4 5. Bg2 a6 6. Ne5 Bb4+ 7. Nc3 Nd5 8. O-O Bxc3 9. bxc3 b5 10. Qc2 Bb7 11. a4 c6 12. Ba3 Nd7 13. e4 Ne7 14.
f4 O-O 15. Rab1 Ra7 16. Bd6 f6 17. Ng4 Rf7 18. Ne3 Ba8 19. f5 exf5 20. Nxf5 Nxf5 21. Rxf5 Rb7 22. e5 fxe5 23. Rxf7 Kxf7 24. dxe5 Kg8 25.
Rf1 Nf6 26. Qf5 Rf7 27. Qe6 Qe8 28. Rxf6 Qxe6 29. Rxe6 Ra7 30. Bh3 Kf7 31. Bc5 Rd7 32. Rd6 Re7 33. e6+ Ke8 34. Rd7 Rxd7 35. exd7+ Kd8 36.
Bb6+ 1-0

[Event "Late-Titled-Tuesday-Blitz-January-30-2024"]
[Site "Chess.com"]
[Date "2024.01.30"]
[Round "10"]
[White "maurovargas01"]
[Black "BebeBonito2022"]
[Result "0-1"]
[WhiteElo "1883"]
[BlackElo "2330"]
[TimeControl "180+1"]
[EndTime "15:54:57 PST"]
[Termination "BebeBonito2022 won on time"]

1. e4 e5 2. Nf3 Nc6 3. Bc4 Nf6 4. O-O Nxe4 5. Re1 d5 6. Bb5 Bc5 7. d4 exd4 8. Nxd4 O-O 9. Be3 Nxd4 10. Bxd4 Bxd4 11.
Qxd4 c5 12. Qe5 Be6 13. Bd3 Nf6 14. Re3 Re8 15. Qg3 c4 16. Bf1 Bf5 17. c3 Ne4 18. Qf4 Qd7 19. f3 Nc5 20. Nd2 Rxe3 21. Qxe3 Nd3 22. b3 Re8 23. Qd4 b5 24. bxc4 dxc4 25.
Qxd7 Bxd7 26. Bxd3 cxd3 27. Ne4 Bc6 28. Nc5 Re3 29.
Rd1 d2 30. Nb3 Rxc3 31. Rxd2 g6 0-1

[Event "Late-Titled-Tuesday-Blitz-January-30-2024"]
[Site "Chess.com"]
[Date "2024.01.30"]
[Round "10"]
[White "jaskol95"]
[Black "Szparu"]
[Result "0-1"]
[WhiteElo "2522"]
[BlackElo "2782"]
[TimeControl "180+1"]
[EndTime "15:54:58 PST"]
[Termination "Szparu won on time"]

1. d4 d5 2. Nc3 Nf6 3. Bf4 e6 4.
Nb5 Bb4+ 5. c3 Ba5 6. a4 a6 7. b4 Nc6 8. bxa5 axb5 9. axb5 Nxa5 10. e3 Bd7 11. Bd3 Nc4 12. Rxa8 Qxa8 13. Bxc4 dxc4 14.
Bxc7 Nd5 15. b6 Nxc3 16. Qc1 Qa5 17. Kf1 Bb5 18. Nf3 Na2 19. Qb1 c3+ 20. Kg1 Nb4 21. Ne1 c2 22. Qb2 Nd3 23. Nxd3 Bxd3 24. h3 Qe1+ 25.
Kh2 Qxf2 26. Qc3 Be4 27. Rg1 O-O 28. Bg3 Qf5 29. Bf4 g5 30. Be5 f6 31. Bg3 h5 32.
Ra1 h4 33. Bd6 Qf2 34. Rg1 Rf7 35. Qc8+ Kg7 36. Qc3 Qe2 37. Qc8 Qxe3 0-1

[Event "Late-Titled-Tuesday-Blitz-January-30-2024"]
[Site "Chess.com"]
[Date "2024.01.30"]
[Round "10"]
[White "Zq1"]
[Black "nikitadovbnya2008"]
[Result "1-0"]
[WhiteElo "2493"]
[BlackElo "2199"]
[TimeControl "180+1"]
[EndTime "15:54:59 PST"]
[Termination "Zq1 won on time"]

1. d4 Nf6 2. c4 e6 3. g3 Bb4+ 4. Nd2 O-O 5. Bg2 d5 6. Nf3 dxc4 7. Qc2 b5 8. a4 Bb7 9. axb5 a6 10. bxa6 Nxa6 11.
O-O c5 12. Qxc4 Bd5 13. Qd3 Nc7 14. Rxa8 Qxa8 15. dxc5 Rd8 16. Qc2 Nb5 17. Rd1 Nd4 18. Nxd4 Bxg2 19. N2f3 Bxf3 20. Nxf3 Rxd1+ 21. Qxd1 Bxc5 22. Kg2 h6 23. Qc2 Qa7 24. e3 Nd5 25. Qe2 Bb4 26. e4 Nf6 27. Qc4 Qb6 28. Be3 Qb7 29. Ne5 Qxe4+ 30.
Qxe4 Nxe4 31. Nc6 Bc5 32. Kf3 Bxe3 33. Kxe3 Nd6 34. Kd4 Kf8 35. f3 Ke8 36. Kc5 Kd7 37.
Ne5+ Ke7 38. b4 f6 39. Ng6+ Kd7 40. b5 1-0

[Event "Late-Titled-Tuesday-Blitz-January-30-2024"]
[Site "Chess.com"]
[Date "2024.01.30"]
[Round "10"]
[White "N_Mullodzhanov"]
[Black "Viktor_Poddubnyi"]
[Result "1-0"]
[WhiteElo "2455"]
[BlackElo "2323"]
[TimeControl "180+1"]
[EndTime "15:54:59 PST"]
[Termination "N_Mullodzhanov won by resignation"]

1. e4 g6 2. d4 Bg7 3. Nc3 d6 4. Be3 a6 5. Qd2 b5 6. Bd3 Bb7 7. Nf3 Nd7 8. Ne2 Ngf6 9. Ng3 h5 10.
h4 c5 11. d5 c4 12. Be2 Qc7 13. a4 O-O 14. Ng5 Nc5 15. a5 Rfe8 16. O-O e5 17. Qd1 Na4 18. b4 Nc3 19. Qd2 Nxe2+ 20. Qxe2 c3 21. Bb6 Qd7 22. Rfd1 Rac8 23. f3 Rc4 24. Rab1 Rec8 25. Nf1 Bh6 26. Ne3 Bxg5 27. hxg5 Nh7 28. Nxc4 Rxc4 29. Qe3 Qe7 30. Rd3 Nxg5 31. Rxc3 h4 32.
Rxc4 bxc4 33. Kf2 Qf6 34. Rh1 Bc8 35. c3 h3 36. g3 Kg7 37. b5 Bg4 38. f4 exf4 39.
gxf4 Bf3 40. Bd4 Nxe4+ 41. Kxf3 1-0

[Event "Late-Titled-Tuesday-Blitz-January-30-2024"]
[Site "Chess.com"]
[Date "2024.01.30"]
[Round "10"]
[White "Navyblue1"]
[Black "Doudou2015"]
[Result "1/2-1/2"]
[WhiteElo "2133"]
[BlackElo "2176"]
[TimeControl "180+1"]
[EndTime "15:54:59 PST"]
[Termination "Game drawn by repetition"]

1. d4 d5 2. c4 e6 3. Nf3 c6 4.
cxd5 exd5 5. Nc3 Nf6 6. Bg5 Bd6 7. e3 Nbd7 8. Qc2 h6 9. Bh4 O-O 10. Bd3 Re8 11. O-O Nf8 12. Rab1 g5 13. Bg3 Kg7 14.
Bxd6 Qxd6 15. Ne5 a5 16. a3 Bd7 17. b4 axb4 18. axb4 Ng4 19. Nxg4 Bxg4 20. b5 Bh5 21. bxc6 bxc6 22. Na4 Bg6 23. Nc5 Ra3 24. Bxg6 Nxg6 25. Qb2 Rea8 26. Ra1 Rxa1 27. Rxa1 Rxa1+ 28. Qxa1 Ne7 29.
h3 Nf5 30. Qa7 Qg6 31. Qc7 Nh4 32. Qe5+ Kh7 33. Nd7 Qb1+ 34. Kh2 Qf1 35. Qg3 f5 36.
Ne5 Qc1 37. f4 c5 38. fxg5 hxg5 39. Qxg5 Qe1 40. Qh5+ Kg7 41. Qf7+ Kh6 42. Qf6+ Kh7 43. Qf7+ Kh6 44. Qf8+ Kh7 45. Qf7+ Kh6 1/2-1/2

[Event "Late-Titled-Tuesday-Blitz-January-30-2024"]
[Site "Chess.com"]
[Date "2024.01.30"]
[Round "10"]
[White "Chessdreamer2020"]
[Black "Mikhail_Bryakin"]
[Result "0-1"]
[WhiteElo "2563"]
[BlackElo "2808"]
[TimeControl "180+1"]
[EndTime "15:55:01 PST"]
[Termination "Mikhail_Bryakin won on time"]

1. e4 d5 2. exd5 Nf6 3. Bb5+ Nbd7 4. Nf3 a6 5. Be2 b5 6. d4 Bb7 7. O-O Nb6 8. Re1 g6 9. Ne5 Nbxd5 10. c3 Bg7 11. a4 c6 12. Nd2 O-O 13. Nb3 Nd7 14.
Nxd7 Qxd7 15. Nc5 Qc7 16. Bf3 Rad8 17. Bg5 Bf6 18. Bxf6 exf6 19. Bxd5 Rxd5 20. Re3 Bc8 21. axb5 axb5 22. Qe2 Rh5 23. h3 Rg5 24. Kh1 Rf5 25.
Ra8 h5 26. Re8 Kg7 27. Raxc8 Qxc8 28. Rxc8 Rxc8 29. f3 Ra8 30. Kh2 Ra1 31. Qe7 Ra8 32. Qd7 h4 33. Qxc6 Ra2 34. Nd3 Rg5 35. d5 Ra1 36. d6 Rd1 37. Nf4 Re5 38. d7 Ree1 39.
g4 Rd2+ 40. Ng2 Red1 41. g5 fxg5 42. Qxb5 Rd5 43. Qc6 Rxd7 44. b4 R7d2 45. b5 Rb1 46. Qc5 Rbb2 47. Qxg5 f6 48. Qg4 Rxb5 49. c4 Rbb2 50.
f4 Rbc2 51. f5 g5 52. Qe4 Rxg2+ 53. Kh1 Rge2 54. Qb7+ Kh6 55. Qb1 Rxc4 56. Kg1 Rcc2 57. Kf1 Rh2 0-1

[Event "Late-Titled-Tuesday-Blitz-January-30-2024"]
[Site "Chess.com"]
[Date "2024.01.30"]
[Round "10"]
[White "INLOVEWITHF"]
[Black "MaxLeto"]
[Result "1-0"]
[WhiteElo "2596"]
[BlackElo "2423"]
[TimeControl "180+1"]
[EndTime "15:55:01 PST"]
[Termination "INLOVEWITHF won by resignation"]

1. Nf3 d5 2. c4 c6 3. g3 Nf6 4. Bg2 Bf5 5. Qb3 Qb6 6. d3 e6 7.
O-O Nbd7 8. Qc2 Be7 9. b3 h6 10. Bb2 O-O 11. Nbd2 Bh7 12. a3 Rfd8 13. Rac1 a5 14.
Qb1 Nc5 15. Bc3 Qa6 16. Qa1 b5 17. cxb5 cxb5 18. Bd4 Rdc8 19. Ne5 Bf8 20. Qb2 Nfd7 21. Nxd7 Nxd7 22. e4 dxe4 23. Nxe4 Rxc1 24. Rxc1 Rc8 25. Rxc8 Qxc8 26. b4 axb4 27. axb4 Bf5 28. Nc5 Nxc5 29. bxc5 Bxd3 30. c6 Bc4 31. h4 Qc7 32. Be5 Qc8 33. Qd4 f6 34. Qd7 Qxd7 35. cxd7 Be7 36. Bc7 Kf7 37.
d8=Q Bxd8 38. Bxd8 e5 39. Ba5 h5 40. Be4 g5 41. Kg2 Ke6 42. Bg6 gxh4 43. gxh4 Be2 44. f3 f5 45. Bxh5 e4 46. Kf2 Bd1 47. Ke1 Bxf3 48. Bxf3 exf3 49. Kf2 Kf6 50. Kxf3 Kg6 51. Be1 Kh5 52. Kg3 b4 53. Bxb4 f4+ 54. Kh3 f3 55. Be1 f2 56. Bxf2 Kg6 57. Kg4 Kh6 58. h5 Kh7 59. Kg5 Kg7 60. h6+ Kh7 61.
Kh5 Kg8 62. Kg6 Kh8 63. Bd4+ Kg8 64. h7+ Kf8 1-0

[Event "Late-Titled-Tuesday-Blitz-January-30-2024"]
[Site "Chess.com"]
[Date "2024.01.30"]
[Round "10"]
[White "OneTrickPony_82"]
[Black "Baby_Legs"]
[Result "0-1"]
[WhiteElo "2524"]
[BlackElo "2631"]
[TimeControl "180+1"]
[EndTime "15:55:02 PST"]
[Termination "Baby_Legs won by resignation"]

1. d4 g6 2. e4 Bg7 3. Nf3 d6 4. Be3 Nf6 5. Nc3 O-O 6. Qd2 Bg4 7.
Ng5 e5 8. dxe5 dxe5 9. Qxd8 Rxd8 10. Bc4 Rf8 11. h3 Bd7 12. O-O-O h6 13. Nf3 Re8 14.
Nb5 Bxb5 15. Bxb5 c6 16. Bd3 Nbd7 17. Nd2 Bf8 18. Nb3 b6 19. f3 h5 20. Ba6 Rab8 21.
Rd2 Kh7 22. Rhd1 Re7 23. Bg5 Bh6 24. h4 Rd8 25. Kb1 Bxg5 26. hxg5 Ne8 27. Bb7 Rb8 28. Bxc6 Nf8 29. Bd5 Nc7 30. g3 Nfe6 31. Bxe6 Nxe6 32. Rd7 Rb7 33. Rxb7 Rxb7 34. Rd5 Nxg5 35. Nd2 f6 36. c4 Ne6 37. Kc2 g5 38. Kd3 Kg6 39. Nf1 h4 40. gxh4 Nf4+ 41. Ke3 Nxd5+ 42. cxd5 gxh4 43.
Kf2 Kg5 44. Ne3 Rc7 45. d6 Rc6 46. Nf5 Rc8 47. Kg2 Kf4 48. b4 Rd8 49. a4 h3+ 50. Kxh3 Kxf3 0-1

[Event "Late-Titled-Tuesday-Blitz-January-30-2024"]
[Site "Chess.com"]
[Date "2024.01.30"]
[Round "10"]
[White "Mikhail_Golubev"]
[Black "alexgo05"]
[Result "0-1"]
[WhiteElo "2642"]
[BlackElo "2429"]
[TimeControl "180+1"]
[EndTime "15:55:02 PST"]
[Termination "alexgo05 won on time"]

1. e4 c6 2. Nf3 g6 3. d4 Bg7 4. Be2 d5 5. e5 f6 6. O-O Nh6 7.
exf6 exf6 8. c4 O-O 9. Nc3 dxc4 10.
Bxc4+ Kh8 11. h3 Nd7 12. Bb3 Nb6 13. Re1 Nf7 14. Bf4 Bf5 15. Bg3 Qd7 16. Qd2 Rfe8 17. Rad1 Be6 18. Bxe6 Rxe6 19. Rxe6 Qxe6 20. Re1 Qd7 21.
Qe3 Nh6 22. Qe7 Nf5 23. Qxd7 Nxd7 24. Bf4 g5 25. Bh2 h5 26. g4 hxg4 27. hxg4 Nh6 28.
Re7 Nb6 29. Rxb7 Nxg4 30. Bd6 Nd5 31. Nxd5 cxd5 32. Bc5 Re8 33. Bxa7 Re2 34. a4 Rxf2 35. Rb3 Re2 36. a5 Ne3 37. a6 g4 38. Nh4 g3 39.
Nf3 Rg2+ 40. Kh1 Re2 41. Kg1 f5 42. Kh1 f4 43. Bb6 Rf2 0-1

[Event "Late-Titled-Tuesday-Blitz-January-30-2024"]
[Site "Chess.com"]
[Date "2024.01.30"]
[Round "10"]
[White "PawnEatingZombie"]
[Black "yobdc"]
[Result "0-1"]
[WhiteElo "2204"]
[BlackElo "2584"]
[TimeControl "180+1"]
[EndTime "15:55:02 PST"]
[Termination "yobdc won on time"]

1. e4 c6 2. Nf3 d5 3. d3 Bg4 4. h3 Bxf3 5. Qxf3 e6 6. g3 Nf6 7. Bg2 Nbd7 8. Nd2 Bc5 9. O-O O-O 10. b3 Bd4 11. Rb1 Qa5 12. a4 Bc3 13. Qe2 Rad8 14. Nf3 dxe4 15. dxe4 Ne5 16. Nxe5 Qxe5 17. Bf4 Qa5 18.
Rfd1 h6 19. Be3 e5 20. Rd3 Rxd3 21. Qxd3 Rd8 22. Qe2 Bd4 23. Bxd4 Rxd4 24. Rd1 Qd8 25. Rxd4 Qxd4 26. Qd3 Qxd3 27. cxd3 a5 28. f4 Nd7 29. Kf2 Nc5 30. Ke3 exf4+ 31. gxf4 Nxb3 32. d4 Kf8 33. Bf1 c5 34. d5 Nd4 35. Kd3 Ke7 36. e5 f6 37. Kc4 b6 38. Bd3 fxe5 39. fxe5 g5 40. Bg6 Nf3 41. Kb5 Nxe5 42. Be4 Kd6 43. Kxb6 Nc4+ 44.
Kb5 Nd2 45. Bg2 c4 46. Kxa5 c3 0-1

[Event "Late-Titled-Tuesday-Blitz-January-30-2024"]
[Site "Chess.com"]
[Date "2024.01.30"]
[Round "10"]
[White "TanitoluwaAps116"]
[Black "GMBenjaminBok"]
[Result "0-1"]
[WhiteElo "2742"]
[BlackElo "2951"]
[TimeControl "180+1"]
[EndTime "15:55:04 PST"]
[Termination "GMBenjaminBok won by resignation"]

1. e4 c5 2. Nf3 d6 3. Bb5+ Nd7 4. c3 Nf6 5. Bd3 e6 6. Qe2 a6 7. a4 Qc7 8. Bc2 Be7 9. d4 b6 10. O-O Bb7 11. Re1 O-O 12. Bf4 e5 13. dxe5 dxe5 14. Bg5 h6 15. Bxf6 Nxf6 16. Nbd2 Rfd8 17. Nc4 Nd7 18.
Ne3 Nf6 19. Nc4 Nd7 20. Ne3 Bf8 21. Rad1 Nf6 22. Nc4 Rxd1 23. Rxd1 Re8 24. g3 g6 25. Kg2 Kg7 26. h3 Bc6 27. Ne3 Qb7 28. Nd2 Nxe4 29.
Nxe4 Bxe4+ 30. f3 Bc6 31. Nc4 Qc7 32. Ne3 b5 33. axb5 axb5 34. Be4 c4 35. Nd5 Qb7 36. g4 Rd8 37. Ne3 Rxd1 38. Nxd1 Bxe4 39. Qxe4 Qxe4 40. fxe4 Bc5 41. Kf3 Kf6 42. h4 Ke6 43. Ne3 Bxe3 44. Kxe3 f5 45. Kf3 f4 46. Kf2 Kd6 47. Kf3 g5 48.
hxg5 hxg5 49. Ke2 Kc5 50. b4+ cxb3 0-1

[Event "Late-Titled-Tuesday-Blitz-January-30-2024"]
[Site "Chess.com"]
[Date "2024.01.30"]
[Round "10"]
[White "FairChess_on_YouTube"]
[Black "Hikaru"]
[Result "0-1"]
[WhiteElo "3088"]
[BlackElo "3297"]
[TimeControl "180+1"]
[EndTime "15:55:06 PST"]
[Termination "Hikaru won on time"]

1. e4 d5 2. exd5 Qxd5 3. Nc3 Qa5 4. Nf3 Nf6 5. d4 Bg4 6. h3 Bh5 7. Be3 Nbd7 8. Be2 c6 9. O-O e6 10. Nd2 Bxe2 11. Qxe2 Bb4 12. Nce4 O-O 13. c3 Be7 14. a4 Rae8 15. Rfe1 Nd5 16. Nc4 Qc7 17. Bg5 h6 18. Bxe7 Rxe7 19. Nc5 b6 20. Nxd7 Rxd7 21. a5 c5 22. axb6 axb6 23. Ne5 Rdd8 24. Rad1 Nf6 25.
Ng4 Nd5 26. Qf3 Ne7 27. Ne3 cxd4 28. cxd4 Nd5 29. Rc1 Qb8 30. Rc4 Rd7 31. Rec1 Nf6 32. Ng4 Nxg4 33. Qxg4 Rfd8 34. Qe4 b5 35. Rb4 Rd5 36.
g3 Qd6 37. Qe1 Qb6 38. Qe2 Qa5 39. Rb3 b4 40. Rd3 Rxd4 41. Rxd4 Rxd4 42. Rc8+ Rd8 43. Qc4 Rxc8 44. Qxc8+ Kh7 45. Qc2+ g6 46. h4 Qd5 47. b3 h5 48. Qb2 Qf3 49. Qc2 e5 50. Qc4 e4 51. Qxb4 e3 52. Qf4 Qxf4 53. gxf4 e2 0-1

[Event "Late-Titled-Tuesday-Blitz-January-30-2024"]
[Site "Chess.com"]
[Date "2024.01.30"]
[Round "10"]
[White "SnekkerAndersen"]
[Black "annasargsyan_m"]
[Result "1/2-1/2"]
[WhiteElo "2641"]
[BlackElo "2547"]
[TimeControl "180+1"]
[EndTime "15:55:06 PST"]
[Termination "Game drawn by agreement"]

1. d4 d5 2. c4 c6 3. Nf3 Nf6 4. cxd5 cxd5 5. Nc3 Nc6 6. Bf4 Bf5 7. e3 e6 8. Qb3 Bb4 9. Rc1 O-O 10. a3 Bxc3+ 11. Rxc3 Na5 12. Qb5 Ne4 13. Rc1 a6 14. Qb4 Rc8 15. Rd1 b5 16. Bd3 Nc4 17. O-O h6 18. b3 Nb2 19. Bxe4 dxe4 20. Rd2 Nd3 21. Rxd3 exd3 22.
Nd2 Rc2 23. e4 a5 24. Qxb5 Bxe4 25. Nxe4 Qxd4 26. Qe5 Qxe5 27. Bxe5 Re2 28. f3 f5 29.
Bd6 Rd8 30. Nc3 Rxd6 31. Nxe2 dxe2 32. Re1 Rd3 33. b4 Rxa3 34. bxa5 Rxa5 35. Rxe2 e5 36. Kf2 Kf7 37. h4 Kf6 38. Rb2 Ra6 39. Kg3 Rd6 40. Rb8 g6 41. Rf8+ Kg7 42. Ra8 Rd7 43. Ra5 Re7 44. Kf2 g5 45. h5 Re6 46. Ra7+ Kf8 47.
Rh7 Kg8 48. Ra7 Rd6 49. g4 fxg4 50. fxg4 Rd4 51. Kf3 Rf4+ 52. Kg3 e4 53. Ra6 Kg7 54. Rg6+ Kh7 55. Re6 1/2-1/2

[Event "Late-Titled-Tuesday-Blitz-January-30-2024"]
[Site "Chess.com"]
[Date "2024.01.30"]
[Round "10"]
[White "Matalon"]
[Black "karinachess1"]
[Result "1-0"]
[WhiteElo "2502"]
[BlackElo "2597"]
[TimeControl "180+1"]
[EndTime "15:55:06 PST"]
[Termination "Matalon won on time"]

1. e4 e5 2. Nf3 Nc6 3. Bb5 Nge7 4. Nc3 Ng6 5. d4 exd4 6. Nxd4 Nxd4 7. Qxd4 c6 8. Bc4 b5 9. Bb3 a5 10. a4 b4 11. Ne2 Ba6 12. Qe3 Be7 13. O-O O-O 14. Rd1 d6 15. Ng3 Qc7 16. Nf5 Rad8 17. Qg3 Bf6 18. Bg5 Bxg5 19. Qxg5 d5 20. exd5 cxd5 21. Bxd5 Qxc2 22. Bxf7+ Kxf7 23. Rxd8 Rxd8 24. Qxd8 Qxf5 25. Re1 Bc8 26. Qe8+ Kf6 27. Qd8+ Kf7 28. h4 Be6 29.
Qc7+ Ne7 30. Re5 Qf4 31. Qd6 Qf6 32. Rxa5 Nf5 33. Qc7+ Kg6 34. h5+ Kh6 35. Qf4+ Qg5 36. Qxg5+ Kxg5 37. Rb5 b3 38. a5 Bc4 39. Rb4 Nd6 40.
Rb6 Ne4 41. a6 Bd5 42. a7 Nc5 43. Rb5 1-0

[Event "Late-Titled-Tuesday-Blitz-January-30-2024"]
[Site "Chess.com"]
[Date "2024.01.30"]
[Round "10"]
[White "jup1978"]
[Black "rcmz"]
[Result "0-1"]
[WhiteElo "2410"]
[BlackElo "2175"]
[TimeControl "180+1"]
[EndTime "15:55:06 PST"]
[Termination "rcmz won on time"]

1. d4 d6 2. Nf3 Nd7 3. c4 h6 4.
Nc3 g5 5. g3 Bg7 6. Bg2 Nf8 7.
O-O c6 8. e4 Ng6 9. Re1 Qc7 10.
Be3 Bg4 11. Qb3 Be6 12. d5 Bd7 13. c5 Nf6 14. cxd6 exd6 15. dxc6 bxc6 16. e5 dxe5 17.
Bc5 Be6 18. Qa4 Nd7 19. Ba3 Rb8 20. Rad1 f5 21. Bd6 Qb6 22. Bxb8 Nxb8 23. Rd6 Kf7 24. Red1 Re8 25. h4 g4 26. Nd2 Bf8 27. Rd3 h5 28. Nc4 Qc7 29. Nd6+ Bxd6 30. Rxd6 Ne7 31. Qc2 Qb6 32. Na4 Qb5 33. Nc5 Bc8 34. Bf1 Qb6 35. a3 Kg7 36. b4 Nd5 37. Qc1 f4 38. gxf4 Nxf4 39. Qc2 Rf8 40. Bg2 Bf5 41. Qc3 Ne2+ 42.
Kh1 Nxc3 0-1

[Event "Late-Titled-Tuesday-Blitz-January-30-2024"]
[Site "Chess.com"]
[Date "2024.01.30"]
[Round "10"]
[White "zverr1"]
[Black "ATM622"]
[Result "1-0"]
[WhiteElo "2570"]
[BlackElo "2448"]
[TimeControl "180+1"]
[EndTime "15:55:07 PST"]
[Termination "zverr1 won on time"]

1. e4 c6 2. d4 d5 3. Nc3 dxe4 4. Nxe4 Bf5 5. Ng3 Bg6 6. h4 h6 7. N1e2 Nd7 8. Nf4 Bh7 9. Bc4 Ngf6 10. c3 e6 11. Nfh5 Nxh5 12. Nxh5 Nf6 13. Bf4 Nxh5 14.
Qxh5 Bg6 15. Qg4 h5 16. Qg3 Qd7 17. a4 Be7 18. Be5 O-O 19. Bd3 Qe8 20. O-O f5 21.
Bf4 Bh7 22. Rfe1 Bf6 23. Bc4 Qd8 24. Rxe6 Kh8 25. Bg5 Bg8 26. Bxf6 Rxf6 27. Rxf6 Qxf6 28. Bxg8 Kxg8 29. Re1 Rf8 30. Qf4 Kh7 31. Re5 Kg8 32.
g3 Kh7 33. a5 Qf7 34. Qg5 Kg8 35. Re7 Qf6 36. Qxf6 Rxf6 37. Rxb7 Rf7 38. Rxf7 Kxf7 39. c4 Ke6 40. f4 Kd6 41. Kf2 c5 42. d5 a6 43. Ke3 g6 44. Kd3 Ke7 45. Kc3 Kd6 46. b4 g5 47. bxc5+ 1-0

[Event "Late-Titled-Tuesday-Blitz-January-30-2024"]
[Site "Chess.com"]
[Date "2024.01.30"]
[Round "10"]
[White "NovakRatko"]
[Black "Arlo2024"]
[Result "1-0"]
[WhiteElo "2396"]
[BlackElo "2267"]
[TimeControl "180+1"]
[EndTime "15:55:07 PST"]
[Termination "NovakRatko won on time"]

1. d4 Nf6 2. c4 c5 3. dxc5 Na6 4. Be3 e6 5. a3 Bxc5 6. Bxc5 Nxc5 7. b4 Nce4 8. f3 Ng4 9. Qd4 Ngf2 10. fxe4 Nxh1 11. Qxg7 Rf8 12. g3 a5 13. Bg2 axb4 14. axb4 Rxa1 15. Qxa1 Qb6 16. c5 Qxb4+ 17. Kf1 Nxg3+ 18. hxg3 Qxc5 19. Nd2 Rg8 20. Nb3 Qe3 21. Qa8 Kd8 22. Qa5+ b6 23. Qb4 Qxg3 24. Qxb6+ Ke8 25. Nf3 Qxg2+ 26. Ke1 Qh1+ 27.
Kd2 Qb1 28. Qb8 Qb2+ 29. Ke3 Ke7 30. Qb4+ Kd8 31. Qb6+ Ke8 32. Qb8 Ke7 33. Qb4+ d6 34.
Nbd4 Qxb4 35. Nc6+ Kd7 36. Nxb4 Bb7 37. Nd3 Rg4 38. Nf2 1-0

[Event "Late-Titled-Tuesday-Blitz-January-30-2024"]
[Site "Chess.com"]
[Date "2024.01.30"]
[Round "10"]
[White "TigrVShlyape"]
[Black "Mops_2004"]
[Result "1-0"]
[WhiteElo "2962"]
[BlackElo "2774"]
[TimeControl "180+1"]
[EndTime "15:55:08 PST"]
[Termination "TigrVShlyape won on time"]

1. e4 g6 2. d4 Bg7 3. c3 d6 4. Nf3 Nf6 5. Bd3 O-O 6. O-O Nc6 7. h3 e5 8. Re1 Re8 9. d5 Ne7 10. c4 Nd7 11. Nc3 h6 12. Rb1 a5 13. a3 Rf8 14. b4 f5 15. Qc2 b6 16. Nd2 Kh8 17. Nb3 Nf6 18. f3 Nh5 19. c5 c6 20. cxb6 axb4 21. axb4 cxd5 22. Nxd5 Nxd5 23. exd5 Qxb6+ 24. Be3 Qd8 25. Na5 Bd7 26. Nc6 Qh4 27. b5 e4 28. Be2 Bxc6 29. bxc6 Be5 30. Kh1 Ra3 31. Qc1 exf3 32. Bxf3 Qg3 33. Kg1 Qh2+ 34. Kf1 Ng3+ 35. Kf2 Ne4+ 36. Ke2 Ra2+ 37. Kd3 Nc3 38. Ra1 Rxg2 39.
Bd4 Bxd4 40. Qxh6+ Kg8 41. Ra7 1-0

[Event "Late-Titled-Tuesday-Blitz-January-30-2024"]
[Site "Chess.com"]
[Date "2024.01.30"]
[Round "10"]
[White "jinxy2009"]
[Black "ImportedItalianMaple"]
[Result "1-0"]
[WhiteElo "2258"]
[BlackElo "2467"]
[TimeControl "180+1"]
[EndTime "15:55:08 PST"]
[Termination "jinxy2009 won by checkmate"]

1. e4 g6 2. d4 Bg7 3. Nc3 d5 4.
e5 c5 5. f4 cxd4 6. Qxd4 e6 7.
Bb5+ Bd7 8. Bxd7+ Qxd7 9. Nf3 Nc6 10. Qd1 Nge7 11. O-O O-O 12. Be3 Rab8 13. Nd4 Nxd4 14. Bxd4 b5 15. Ne2 Rfc8 16. Qd3 a5 17. g4 Qc6 18. c3 Qc4 19. Qxc4 Rxc4 20. Ng3 b4 21. b3 Rc6 22. Rac1 Rbc8 23. Rf3 a4 24. bxa4 Rc4 25. Ne2 Nc6 26. Rff1 bxc3 27. Bxc3 Rxa4 28.
Ba1 Rxa2 29. Nd4 Ra6 30. Rc2 Ne7 31. Rxc8+ Nxc8 32. Rc1 Ne7 33. Bc3 f6 34. Bb4 fxe5 35. fxe5 Bxe5 36. Nf3 Bd6 37. Bxd6 Rxd6 38. Rc7 Nc6 39.
Ng5 Nd8 40. Nxh7 e5 41. g5 Nf7 42. Nf6+ Kg7 43. h4 Kf8 44. Rc8+ Kg7 45. Rg8# 1-0